 Dungeon Crawl Stone Soup version 0.24-a0-459-g225fefd530 (webtiles) character file.

Game seed: 3047469038106980722

50364 emperorscorpion the Severer (level 14, -1/217 HPs)
             Began as a Deep Dwarf Berserker on June 29, 2019.
             Was the Champion of Trog.
             Slain by a sun demon (8 damage)
             ... summoned by a deep elf mage
             ... on level 14 of the Dungeon.
             The game lasted 00:53:01 (11959 turns).

emperorscorpion the Severer (Deep Dwarf Berserker) Turns: 11959, Time: 00:53:02

Health: -1/217     AC: 23    Str: 32    XL:     14   Next: 19%
Magic:  2/2 (8)    EV: 13    Int:  5    God:    Trog [******]
Gold:   814        SH:  0    Dex: 12    Spells: 13/13 levels left

rFire    . . .     SeeInvis .   a - +2 executioner's axe (antimagic)
rCold    . . .     Gourm    .   (shield currently unavailable)
rNeg     + + .     Faith    +   i - +3 chain mail
rPois    .         Spirit   .   g - +0 helmet
rElec    .         Reflect  .   s - +0 cloak (curse)
rCorr    .         Harm     .   n - +0 pair of gloves
MR       ++++.                  f - +2 pair of boots {run}
Stlth    ..........             Y - amulet of faith
HPRegen  1.00/turn              R - ring of stealth
MPRegen  0.08/turn              T - ring of positive energy

@: berserking, lethally poisoned (-1 -> -1), non-regenerating, very quick
A: damage resistance, heal wounds, dopey 1, negative energy resistance 1, sense
surroundings 2, robust 1, no regeneration
a: Heal Wounds, Berserk, Trog's Hand, Brothers in Arms, Renounce Religion


You were on level 14 of the Dungeon.
You worshipped Trog.
Trog was exalted by your worship.
You were very hungry.

You visited 1 branch of the dungeon, and saw 15 of its levels.
You also visited: Sewer.

You collected 1035 gold pieces.
You spent 221 gold pieces at shops.

Inventory:

Hand Weapons
 a - a +2 antimagic executioner's axe (weapon)
 b - a +3 hand axe of flaming
 h - a +0 spear
 k - a +1 hand axe
 q - a +2 hand axe of chopping
 z - a +0 war axe of venom
 D - a +0 battleaxe
Missiles
 A - 10 atropa-tipped darts (quivered)
 C - 2 throwing nets
 H - 27 poisoned darts
 I - 9 curare-tipped darts
 J - 7 boomerangs
 P - 2 silver boomerangs
 W - 8 boomerangs of dispersal
 X - 6 silver javelins
Armour
 e - a +0 ring mail
 f - a +2 pair of boots of running (worn)
 g - a +0 helmet (worn)
 i - a +3 chain mail (worn)
 n - a +0 pair of gloves (worn)
 s - a cursed +0 cloak (worn)
 B - a +0 animal skin
Magical Staves
 x - an uncursed staff of air {unknown}
Jewellery
 t - an uncursed ring of positive energy
 G - an uncursed amulet of the gourmand
 R - a ring of stealth (left hand)
 S - an uncursed amulet of rage
 T - a ring of positive energy (right hand)
 Y - an amulet of faith (around neck)
Wands
 m - a wand of digging (5)
 o - a wand of disintegration (6)
 p - a wand of acid (4)
 r - a wand of scattershot (3)
 v - a wand of iceblast (23)
 L - a wand of paralysis (3)
Scrolls
 d - 4 scrolls of fear
 j - 9 scrolls of teleportation
 w - 4 scrolls of remove curse
 y - 8 scrolls of identify
 E - 4 scrolls of fog
 K - a scroll of enchant weapon
 M - 3 scrolls of blinking
 N - 2 scrolls of magic mapping
Potions
 l - 7 potions of curing
 F - 4 potions of heal wounds
 Q - a potion of flight
Miscellaneous
 O - a box of beasts
Comestibles
 c - 21 rations
 u - 22 chunks of flesh


   Skills:
 + Level 10.3 Fighting
 + Level 16.8(16.9) Axes
   Level 1.8(10.7) Maces & Flails
 + Level 1.6(9.9) Polearms
 + Level 2.0(2.6) Staves
   Level 2.0(2.9) Slings
 + Level 2.4(2.7) Throwing
 + Level 11.6 Armour
 + Level 8.4 Dodging
 + Level 3.1 Stealth
 + Level 1.6 Unarmed Combat
 * Level 7.3 Evocations


You had 13 spell levels left.
You didn't know any spells.
Your spell library contained the following spells:

 Spells                   Type           Power        Failure   Level  Hunger
 Magic Dart               Conj           #...         88%         1    ##.....
 Summon Small Mammal      Summ           #...         88%         1    ##.....
 Blink                    Tloc           N/A          95%         2    ###....
 Call Imp                 Summ           #.......     95%         2    ###....
 Searing Ray              Conj           #.....       95%         2    ###....
 Slow                     Hex            #.......     95%         2    ###....
 Call Canine Familiar     Summ           #.......     99%         3    ####...
 Conjure Flame            Conj/Fire      #.......     99%         3    ####...
 Dazzling Spray           Conj/Hex       #.....       99%         3    ####...
 Mephitic Cloud           Conj/Pois/Air  #.......     99%         3    ####...
 Static Discharge         Conj/Air       #.......     99%         3    ####...
 Summon Guardian Golem    Hex/Summ       #.......     99%         3    ####...
 Force Lance              Conj/Tloc      #.......     100%        4    #####..
 Fulminant Prism          Conj/Hex       #.........   100%        4    #####..
 Ice Form                 Ice/Tmut       #.......     100%        4    #####..
 Iskenderun's Mystic Bla  Conj           #.......     100%        4    #####..
 Summon Ice Beast         Ice/Summ       #.......     100%        4    #####..
 Summon Lightning Spire   Summ/Air       #.......     100%        4    #####..
 Lightning Bolt           Conj/Air       #.........   100%        5    ######.
 Metabolic Englaciation   Hex/Ice        #.........   100%        5    ######.
 Bolt of Cold             Conj/Ice       #.........   100%        6    #######
 Freezing Cloud           Conj/Ice/Air   #.........   100%        6    #######
 Ozocubu's Refrigeration  Ice            #.........   100%        6    #######
 Simulacrum               Ice/Necr       #.........   100%        6    #######
 Ignition                 Fire           #.........   100%        8    #######
 Shatter                  Erth           #.........   100%        9    #######
 Tornado                  Air            #.........   100%        9    #######


Dungeon Overview and Level Annotations

Branches:
Dungeon (15/15)            Temple (0/1) D:7            Lair (0/6) D:10
    Orc (0/2) D:11         Vaults (0/5) D:13         Depths (0/5) D:15

Altars:
Hepliaklqana
Makhleb
Okawaru
Ru
Wu Jian
Yredelemnul

Shops:
D:7 }


Innate Abilities, Weirdness & Mutations

You are resistant to damage.
You can heal yourself by infusing magical energy.
You resist negative energy. (rN+)
You passively map the area around you.
You do not regenerate.
You are dopey. (Int -2)
You are robust. (+10% HP)


Message History

The deep elf mage is heavily wounded.
You hit the sun demon but do no damage.
You hit the demonic crawler but do no damage.
The deep elf mage hits you but does no damage.
The sun demon hits you!!
* * * LOW HITPOINT WARNING * * *
You are engulfed in flames!
* * * LOW HITPOINT WARNING * * *
The demonic crawler hits you. The demonic crawler barely misses you.
The demonic crawler hits you but does no damage.
You closely miss the deep elf mage.
The deep elf mage is heavily wounded.
You hit the sun demon. You slash the demonic crawler!
You kill the demonic crawler!
The demonic crawler's corpse disappears in a puff of smoke!
You hit the hell rat. The hell rat completely misses you.
The sun demon hits you!!
* * * LOW HITPOINT WARNING * * *
You are engulfed in flames!
You die...

,,,#......#.............#####...#
,,,#......#.............#.......#
,,,*,,,,,,#.............#........
,,,*,,,,,,#....>........#.......#
,,,**,,,,,#...#######'###........
,,,,*,,,,.#####..................
,,,,*,,,,......................_.
,,,,**,,######.re3...............
,,,,,*,,#....###@§...............
******,,#...†..'...............##
,,,,,,,,#......#.................
,,,,,,,,#......#...............##
,,,,,,,,#......#...#+########..#*
**+*+**,#......#...#,,,,,,,,*....
,,,,,,*,#......#...#,,,,,,,,*....
,,,,,,+,#......#...#,,,,,,,**,,..
,,,,,,*,########...#,,,,,,,*,,,,,


You could see a sun demon, a deep elf mage and a hell rat.

Vanquished Creatures
  Nessos (D:14)
  A dire elephant (D:15)
  4 vault guards (D:13)
  2 hydras
  Harold (D:11)
  3 centaur warriors
  A catoblepas (D:11)
  3 two-headed ogres
  Sonja (D:11)
  The ghost of MirrMurr the Ruffian, a novice OgTm (D:5)
  3 unseen horrors
  2 wizards
  An orc knight (D:11)
  A wolf spider zombie (D:13)
  2 manticores
  5 cyclopes
  2 ugly things
  A centaur zombie (D:13)
  3 gargoyles
  A kobold demonologist (D:12)
  A komodo dragon (D:11)
  3 trolls
  2 hornets
  Prince Ribbit (D:5)
  Grinder (D:6)
  6 slime creatures
  2 dream sheep (D:13)
  4 hippogriffs
  3 wyverns
  12 yaks
  2 vampires
  Eustachio (D:5)
  A basilisk (D:11)
  A hungry ghost (D:14)
  Edmund (D:6)
  5 vampire mosquitoes
  Menkaure (D:6)
  A soldier ant (D:11)
  2 water moccasins (D:9)
  An acid dragon (D:13)
  An ice beast (shapeshifter) (D:13)
  8 orc warriors
  6 sky beasts
  3 ice beasts
  2 black bears
  6 phantoms
  2 necrophages
  12 ogres
  5 boggarts (D:14)
  17 centaurs
  11 big kobolds
  10 bullfrogs
  A wyvern zombie (D:11)
  9 scorpions
  2 water moccasin skeletons
  12 killer bees
  3 wights (D:11)
  A howler monkey (D:13)
  A quasit (D:8)
  2 bullfrog zombies
  7 crimson imps
  A wyvern simulacrum (D:11)
  2 jellies
  4 centaur skeletons
  6 orc priests
  7 hounds
  14 orc wizards
  2 bullfrog skeletons
  Crazy Yiuf (D:6)
  6 iguanas
  8 worker ants
  A killer bee zombie (D:8)
  A hound zombie (D:5)
  3 hound skeletons
  2 worker ant zombies
  6 gnolls
  16 adders
  4 shadow imps
  2 oozes
  6 worms
  3 dart slugs
  3 leopard geckos
  38 orcs
  6 giant cockroaches
  8 goblins
  6 hobgoblins
  14 jackals
  11 quokkas
  7 ball pythons
  A ball python skeleton (D:4)
  3 bats
  8 frilled lizards
  38 kobolds
  A leopard gecko skeleton (D:8)
  A quokka zombie (D:8)
  15 rats
  A spectral orc (D:2)
  5 plants
472 creatures vanquished.

Notes
Turn   | Place    | Note
-------+----------+-------------------------------------------
     0 | D:1      | emperorscorpion the Deep Dwarf Berserker began the quest
                  | for the Orb.
     0 | D:1      | Reached XP level 1. HP: 20/20 MP: 1/1
    62 | D:1      | Identified a +1 pair of boots of running (You found it on
                  | level 1 of the Dungeon)
   201 | D:1      | Reached XP level 2. HP: 27/27 MP: 2/2
   257 | D:4      | Noticed an ogre
   304 | D:4      | Killed an ogre
   304 | D:4      | Reached skill level 4 in Axes
   304 | D:4      | Reached XP level 3. HP: 34/34 MP: 3/3
   304 | D:4      | Reached XP level 4. HP: 43/43 MP: 4/4
   334 | D:4      | Reached XP level 5. HP: 41/50 MP: 5/5
   356 | D:5      | Entered Level 5 of the Dungeon
   389 | D:5      | Noticed an ogre
   399 | D:5      | Killed an ogre
   399 | D:5      | Reached skill level 5 in Axes
   402 | D:5      | Found a glowing drain.
   424 | Sewer    | Entered a sewer
   574 | Sewer    | Reached ** piety under Trog
   574 | Sewer    | Reached XP level 6. HP: 30/57 MP: 6/6
   914 | D:6      | Noticed Menkaure
   924 | D:6      | Killed Menkaure
   924 | D:6      | Reached skill level 6 in Axes
   924 | D:6      | Reached XP level 7. HP: 36/66 MP: 7/7
   979 | D:5      | Noticed Eustachio
  1008 | D:5      | HP: 3/66 [river rat[Eustachio] (6)]
  1020 | D:5      | Reached skill level 7 in Axes
  1024 | D:5      | Killed Eustachio
  1056 | D:6      | Reached XP level 8. HP: 40/73 MP: 7/7
  1216 | D:8      | Reached skill level 5 in Fighting
  1216 | D:8      | Reached skill level 5 in Armour
  1252 | D:9      | Reached skill level 5 in Dodging
  1268 | D:9      | Reached *** piety under Trog
  1297 | D:10     | Entered Level 10 of the Dungeon
  1331 | D:12     | Noticed a slime creature
  1332 | D:12     | Noticed a slime creature
  1378 | D:13     | Noticed a hippogriff
  1385 | D:13     | Reached skill level 8 in Axes
  1395 | D:13     | Killed a hippogriff
  1440 | D:13     | Noticed a dream sheep
  1440 | D:13     | Noticed a dream sheep
  1471 | D:13     | Reached skill level 9 in Axes
  1471 | D:13     | Gained mutation: You passively map the area around you.
                  | [Deep Dwarf growth]
  1471 | D:13     | Reached XP level 9. HP: 48/81 MP: 8/8
  1513 | D:13     | Noticed a two-headed hydra
  1518 | D:13     | Killed a one-headed hydra
  1518 | D:13     | Reached skill level 10 in Axes
  1583 | D:13     | Noticed a troll
  1584 | D:13     | Noticed a cyclops
  1603 | D:13     | Killed a cyclops
  1606 | D:13     | Killed a troll
  1624 | D:13     | Reached XP level 10. HP: 36/92 MP: 9/9
  1652 | D:13     | Got a jewelled hunting sling
  1659 | D:13     | Got a fine flail
  1693 | D:13     | Reached skill level 11 in Axes
  1775 | D:14     | Noticed a wizard
  1788 | D:14     | Noticed a deep elf mage
  1794 | D:14     | Noticed a centaur warrior
  1796 | D:14     | Noticed a centaur warrior
  1797 | D:14     | Noticed a manticore
  1799 | D:14     | Noticed a white ugly thing
  1799 | D:14     | Noticed a white ugly thing
  1799 | D:14     | Noticed a white ugly thing
  1799 | D:14     | Noticed a white ugly thing
  1799 | D:14     | Noticed a white ugly thing
  1799 | D:14     | Noticed a white ugly thing
  1805 | D:13     | Killed a wizard
  1887 | D:15     | Entered Level 15 of the Dungeon
  1894 | D:15     | Noticed a centaur warrior
  1917 | D:15     | Killed a centaur warrior
  1930 | D:15     | Reached skill level 12 in Axes
  1945 | D:15     | Noticed a cyclops
  1972 | D:15     | Killed a cyclops
  2021 | D:15     | Noticed an eight-headed hydra
  2022 | D:15     | Found a staircase to the Depths.
  2022 | D:15     | Noticed a dire elephant
  2030 | D:15     | Killed a three-headed hydra
  2030 | D:15     | Reached XP level 11. HP: 96/102 MP: 8/8
  2046 | D:15     | Killed a dire elephant
  2091 | D:14     | Found an ornate altar of the Wu Jian Council.
  2104 | D:14     | Noticed a two-headed ogre
  2119 | D:14     | Killed a two-headed ogre
  2157 | D:14     | Noticed a centaur warrior
  2159 | D:14     | Reached skill level 10 in Armour
  2163 | D:14     | Reached **** piety under Trog
  2224 | D:14     | Reached skill level 13 in Axes
  2285 | D:13     | Noticed a vault guard
  2341 | D:13     | Killed a vault guard
  2341 | D:13     | Received a gift from Trog
  2341 | D:13     | Reached skill level 1 in Evocations
  2356 | D:13     | Noticed a vault guard
  2365 | D:13     | Killed a vault guard
  2378 | D:13     | Killed an unseen horror
  2414 | D:13     | Noticed a vault guard
  2423 | D:13     | Killed a vault guard
  3105 | D:1      | You fall into a shaft and drop 1 floor!
  3582 | D:2      | Found a hazy altar of Hepliaklqana.
  3740 | D:2      | Found a basalt altar of Yredelemnul.
  3964 | D:3      | Reached ***** piety under Trog
  4417 | D:3      | Gained mutation: You are dopey. (Int -2) [potion of
                  | mutation]
  4417 | D:3      | Gained mutation: You are robust. (+10% HP) [potion of
                  | mutation]
  4750 | D:4      | Reached skill level 14 in Axes
  4750 | D:4      | Reached skill level 1 in Maces & Flails
  4750 | D:4      | Reached skill level 1 in Polearms
  4750 | D:4      | Reached skill level 1 in Throwing
  4750 | D:4      | Reached skill level 1 in Unarmed Combat
  4750 | D:4      | Reached XP level 12. HP: 86/125 MP: 5/8
  5326 | D:5      | Found a runed translucent door.
  5326 | D:5      | Noticed MirrMurr's ghost (novice OgTm)
  5344 | D:5      | Killed MirrMurr's ghost
  5344 | D:5      | Reached XP level 13. HP: 133/133 MP: 9/9
  5347 | D:5      | Identified a scroll of acquirement
  5388 | D:5      | Noticed Prince Ribbit
  5398 | D:5      | Killed Prince Ribbit
  5613 | D:6      | Noticed Edmund
  5613 | D:6      | Noticed Grinder
  5622 | D:6      | Killed Edmund
  5634 | D:6      | Killed Grinder
  5715 | D:6      | Found an iron altar of Okawaru.
  5922 | D:6      | Found a sacrificial altar of Ru.
  6027 | D:6      | Found a runed translucent door.
  6027 | D:6      | Noticed Crazy Yiuf
  6034 | D:6      | Killed Crazy Yiuf
  6341 | D:7      | Paralysed by a hornet for 3 turns
  6508 | D:7      | Found Opeaps's Gadget Shop.
  6518 | D:7      | Bought a wand of iceblast (13) for 221 gold pieces
  6610 | D:7      | Found a staircase to the Ecumenical Temple.
  7539 | D:8      | Found an ornate altar of the Wu Jian Council.
  7575 | D:8      | Reached skill level 15 in Axes
  7581 | D:8      | Reached ****** piety under Trog
  8353 | D:9      | You fall into a shaft and drop 2 floors!
  8366 | D:11     | Noticed Sonja
  8370 | D:11     | Killed Sonja
  8426 | D:10     | Received a gift from Trog
  8659 | D:9      | Found a burning altar of Makhleb.
  8748 | D:10     | Received a gift from Trog
  8982 | D:10     | Found a staircase to the Lair.
  9595 | D:11     | Received a gift from Trog
  9791 | D:11     | Received a gift from Trog
  9819 | D:11     | Reached skill level 5 in Evocations
  9891 | D:11     | Identified the +8 hunting sling of Upsawn {venom, rF+} (You
                  | found it on level 13 of the Dungeon)
  9892 | D:11     | Identified the +3 flail "Sykattoh" {crush, rC+ rN+ MR+}
                  | (You found it on level 13 of the Dungeon)
 10068 | D:11     | Reached skill level 16 in Axes
 10158 | D:11     | Noticed Harold
 10169 | D:11     | Killed Harold
 10265 | D:11     | Found a staircase to the Orcish Mines.
 10414 | D:12     | Received a gift from Trog
 10652 | D:12     | Reached skill level 10 in Fighting
 11074 | D:12     | Gained mutation: You resist negative energy. (rN+) [Deep
                  | Dwarf growth]
 11074 | D:12     | Reached XP level 14. HP: 95/145 MP: 2/8
 11288 | D:13     | Found a gate to the Vaults.
 11772 | D:14     | Noticed Nessos
 11781 | D:14     | Killed Nessos
 11959 | D:14     | HP: 7/217 [sun demon[a deep elf mage] (15)]
 11959 | D:14     | Slain by a sun demon

Levels and vault maps discovered:
D:1:      dpeg_arrival_shrine, layout_basic
D:2:      layout_loops_cross, yredelemnul_forgotten_temple_becter,
          lemuel_doored_altar, chequers_serial_rivers_marsh,
          grunt_decor_fettered
D:3:      kb_forest_paths, layout_basic
D:4:      cheibrodos_barr_body, layout_basic, minmay_circle_x
D:5:      layout_rooms, first_ration, cheibrodos_sewer_entry_drain,
          gammafunk_ghost_grave, uniq_eustachio, uniq_prince_ribbit1
D:6:      layout_loops_ring, lemuel_round_altar, kennysheep_mini,
          hangedman_decor_slide_cut, uniq_crazy_yiuf_cottage, uniq_edmund,
          uniq_menkaure, uniq_grinder
D:7:      layout_layer_cave, minmay_temple_entry_purple_smoke, serial_shops,
          nicolae_shop_statue_plus
D:8:      layout_gridville, overflow_temple_1_default
D:9:      layout_irregular_city, marbit_many_paths, kennysheep_boxes
D:10:     layout_loops_corners, dpeg_oklobed_lair
D:11:     minmay_the_grid_triangle_9x9_rhombus_full
          [minmay_the_grid_triangle_9x9_swiss_cheese,
          minmay_the_grid_triangle_9x9_intruding_spiral,
          minmay_the_grid_triangle_9x9_warning,
          minmay_the_grid_triangle_9x9_semitri,
          minmay_the_grid_triangle_9x9_corruption,
          minmay_the_grid_triangle_9x9_wacky_v,
          minmay_the_grid_triangle_9x9_odd_lines,
          minmay_the_grid_triangle_9x9_prize_insulated], layout_irregular_city,
          orc_0_dummy, uniq_sonja, uniq_harold
D:12:     layout_cave_pods
D:13:     layout_loops_cross, lightli_vaults_fourway_checkpoint, hangedman_ranch
          [blue_anna_fruit_fields]
D:14:     layout_irregular_city, basic_altar, enter_bailey_3, uniq_nessos
D:15:     hangedman_depths_entry_try_elsewhere_first, layout_long_grid,
          minmay_misc_feat_plants, serial_shops,
          nicolae_shop_competitors_out_of_business, nicolae_shop_window_shopping

Skill      XL: |  1  2  3  4  5  6  7  8  9 10 11 12 13 14 |
---------------+-------------------------------------------+-----
Fighting       | 3 4 5 6 7 9 10 | 10.3
Axes           | 4 5 6 7 9 10 12 14 16 | 16.8
Dodging        | 3 4 5 6 7 8 |  8.4
Armour         | 3 4 6 7 9 10 11 | 11.6
Evocations     | 2 6 7 |  7.3
Maces & Flails | 1 |  1.8
Polearms       | 1 |  1.6
Staves         | 2 |  2.0
Slings         | 2 |  2.0
Throwing       | 1 2 |  2.4
Stealth        | 2 3 |  3.1
Unarmed Combat | 1 |  1.6

Action                   |  1- 3 |  4- 6 |  7- 9 | 10-12 | 13-15 || total
-------------------------+-------+-------+-------+-------+-------++-------
Melee: Hand axe          |    22 |   172 |   197 |   217 |       ||   608
       Battleaxe         |       |       |       |   239 |       ||   239
       Executioner's axe |       |       |       |       |   619 ||   619
Throw: Dart              |       |       |       |    13 |     8 ||    21
       Javelin           |       |       |       |       |     6 ||     6
Invok: Berserk           |     1 |     2 |     4 |     9 |    13 ||    29
       Trog's Hand       |       |       |     1 |     2 |     5 ||     8
 Abil: Heal Wounds       |       |       |     8 |    18 |    22 ||    48
Evoke: Wand              |       |       |       |     4 |    17 ||    21
  Use: Potion            |     2 |     3 |     2 |     6 |     6 ||    19
       Scroll            |     3 |     3 |     5 |     6 |     6 ||    23
 Stab: Petrified         |       |       |       |       |     4 ||     4
       Invisible         |       |       |       |       |     1 ||     1
  Eat: Chunk             |       |     2 |     5 |    28 |    29 ||    64
       Ration            |       |       |     1 |     2 |       ||     3
Armor: Ring mail         |     8 |    73 |   149 |       |       ||   230
       Chain mail        |       |       |    79 |   262 |   458 ||   799
       Skin              |       |       |       |    11 |    82 ||    93
Dodge: Dodged            |    24 |   126 |   259 |   261 |   522 ||  1192

Table legend:
 A = Non-vault XP
 B = Vault XP
 C = Vault XP percentage of total XP
 D = Non-vault monster count
 E = Vault monster count
 F = Vault count percentage of total count
                 A         B        C        D         E       F
            +---------+---------+-------+---------+---------+-------
      Total |   33666 |   22401 |  40.0 |     368 |      99 |  21.2
            +---------+---------+-------+---------+---------+-------
        D:1 |      34 |       0 |   0.0 |      21 |       0 |   0.0
        D:2 |      47 |       1 |   2.1 |      17 |       1 |   5.6
        D:3 |      33 |      34 |  50.7 |      18 |       6 |  25.0
        D:4 |     384 |     452 |  54.1 |      13 |      16 |  55.2
        D:5 |     621 |    1224 |  66.3 |      17 |       5 |  22.7
        D:6 |    1016 |     645 |  38.8 |      26 |       4 |  13.3
        D:7 |    1690 |       0 |   0.0 |      27 |       0 |   0.0
        D:8 |    2305 |       0 |   0.0 |      30 |       0 |   0.0
        D:9 |    2227 |      70 |   3.0 |      41 |       1 |   2.4
       D:10 |    2180 |       0 |   0.0 |      19 |       0 |   0.0
       D:11 |    3737 |    7587 |  67.0 |      34 |      21 |  38.2
       D:12 |    6923 |       0 |   0.0 |      33 |       0 |   0.0
       D:13 |    4610 |    8404 |  64.6 |      39 |      20 |  33.9
       D:14 |    5749 |    1394 |  19.5 |      24 |       3 |  11.1
       D:15 |    2110 |    2525 |  54.5 |       9 |       3 |  25.0
      Sewer |       0 |      65 | 100.0 |       0 |      19 | 100.0
            +---------+---------+-------+---------+---------+-------
